 Dungeon Crawl Stone Soup version 0.15-a0-77-g44c3f01 (webtiles) character file.

31660 Egon the Warrior (level 13, -1/116 HPs)
             Began as a Demonspawn Abyssal Knight on Apr 7, 2014.
             Was the Champion of Lugonu.
             Slain by a minotaur
             ... wielding the cursed -1,+8 battleaxe "Xeef" {flame, Stlth--}
              (10 damage)
             ... in a labyrinth.
             The game lasted 01:57:02 (25457 turns).

Egon the Warrior (Demonspawn Abyssal Knight)       Turns: 25457, Time: 01:57:04

HP  -1/116       AC 16     Str 17      XL: 13   Next: 22%
MP   0/33        EV  3     Int 14      God: Lugonu [******]
Gold 910         SH 21     Dex 15      Spells:  0 memorised, 12 levels left

rFire  + . .     SeeInvis .     a - +2,+5 flail (crush)
rCold  . . .     Clarity  .     K - +0 chain mail {rF+}
rNeg   . . .     Conserve +     G - +0 shield
rPois  .         rCorr    .     x - +1 helmet
rElec  .         rRot     .     X - +0 cloak
SustAb . .       Spirit   +     u - +0 pair of gloves
rMut   .         Warding  .     (no boots)
Saprov . . .     Rnd*Tele +     V - amulet of conservation
MR     .....                    q - ring of magical power
                                J - +2 ring of dexterity

@: not resistant to hostile enchantments, extremely unstealthy
A: claws 2, icy blue scales 2, blink 1, powered by death 1, shaggy fur 1,
teleportitis 1, magic shield, magic regeneration
a: Blink, Depart the Abyss, Bend Space, Banish, Corrupt, Enter the Abyss,
Renounce Religion


You were in a labyrinth.
You worshipped Lugonu.
Lugonu was exalted by your worship.
You were very hungry.

You visited 3 branches of the dungeon, and saw 16 of its levels.
You visited the Abyss 2 times.
You also visited: Labyrinth.

You collected 910 gold pieces.

Inventory:

Hand weapons
 a - a +2,+5 flail of crushing (weapon)
 b - the +10,+1 sling "Smaptaur" {venom, rF++ MR++ SInv}
   (You found it on level 4 of the Dungeon)

   It poisons the ammo it fires.
   It greatly protects you from fire.
   It affects your resistance to hostile enchantments.
   It enhances your eyesight.
Missiles
 d - 61 sling bullets
 i - 34 exploding sling bullets
Armour
 u - a +0 pair of gloves (worn)
 x - a +1 helmet (worn)
 G - a +0 shield (worn)
 K - a +0 chain mail of fire resistance (worn)
 X - a +0 cloak (worn)
Magical devices
 c - a wand of flame (9) {unknown}
 e - a wand of lightning (4) {unknown}
 f - a wand of lightning (3) {unknown}
 g - a wand of magic darts (3)
 Q - a wand of draining (7) {unknown}
Scrolls
 t - 2 scrolls of teleportation
 S - a scroll of fog
 U - a scroll of blinking
 Z - a scroll of fear
Jewellery
 j - an uncursed ring of positive energy
 l - an uncursed amulet of conservation
 q - a ring of magical power (right hand)
 J - a +2 ring of dexterity (left hand)
 V - an amulet of conservation (around neck)
Potions
 h - 3 potions of curing
 m - a potion of invisibility
 A - 2 potions of heal wounds
 E - a potion of haste
Books
 k - a book of Ice

   Spells                             Type                      Level
   Freezing Aura                      Charms/Ice                   2
   Metabolic Englaciation             Hexes/Ice                    5
   Ozocubu's Refrigeration            Ice                          6
   Bolt of Cold                       Conjuration/Ice              6
   Freezing Cloud                     Conjuration/Ice/Air          6
   Simulacrum                         Ice/Necromancy               6
Miscellaneous
 R - a sack of spiders


   Skills:
 + Level 15.3 Fighting
 - Level 12.6 Maces & Flails
 - Level 1.7 Armour
 - Level 0.8 Dodging
 + Level 6.1 Shields
 - Level 7.7 Invocations


You had 12 spell levels left.
You didn't know any spells.

Dungeon Overview and Level Annotations

Branches:
Dungeon (13/15)            Temple (1/1) D:5             Orc (0/4) D:11
   Lair (2/8) D:8          Vaults (0/5) D:13

Altars:
Ashenzari
Cheibriados
Dithmenos
Elyvilon
Fedhas
Kikubaaqudgha
Makhleb
Nemelex Xobeh
Okawaru
Sif Muna
Trog
Vehumet
Xom
Yredelemnul
Zin
The Shining One


Innate Abilities, Weirdness & Mutations

You have very sharp fingernails.
You are mostly covered in icy blue scales (AC +3, EV -1).
You can steal the life force of nearby defeated enemies.
When hurt, damage is shared between your health and your magic reserves.
You regenerate magic rapidly.
You can translocate small distances at will.
You are covered in fur (AC +1).
Space occasionally distorts in your vicinity.


Message History

The minotaur is severely wounded.
You hit the minotaur.
The minotaur is almost dead.
The minotaur hits you with an iridescent battleaxe {flame}!
* * * LOW HITPOINT WARNING * * *
The minotaur burns you.
* * * LOW HITPOINT WARNING * * *
The minotaur gores you but does no damage.
Your chain mail prevents you from hitting the minotaur.
The minotaur furiously retaliates!
The minotaur headbutts you.
* * * LOW HITPOINT WARNING * * *
The minotaur is almost dead.
You thump the minotaur!
The minotaur is almost dead.
The minotaur hits you with an iridescent battleaxe {flame}!
* * * LOW HITPOINT WARNING * * *
The minotaur burns you.
* * * LOW HITPOINT WARNING * * *
The minotaur gores you!
You die...

## .. #### .###
.... ..<
#.#####H#####.#
#.....@.......#
##.#.#.###.#####
#.#. .#.# #.#
#...#.#.. #.#
#.. . # ###.#.
.# # # #.#.#
.)#.#.# # # .# #
#.# #.. #.# .
#.# ..#. . # #
#.#.#.# .. .#


You could see a minotaur.

Vanquished Creatures
  3 vault guards
  The ghost of Herrn the Fighter, a powerful GrWn of Okawaru (D:12)
  The ghost of sohrabkorkchi the Cleaver, an experienced LOFi (D:10)
  The ghost of soonmide the Covert, an experienced SpVM of Ashenzari (Lair:1)
  2 centaur warriors (D:13)
  4 hill giants
  2 unseen horrors
  A griffon (Lair:1)
  2 cyclopes
  An elephant (D:8)
  A manticore (D:13)
  A gargoyle (D:13)
  A kobold demonologist (D:13)
  A komodo dragon (D:8)
  2 trolls
  2 centaur skeletons
  A queen bee (D:12)
  3 two-headed ogres
  4 blink frogs
  5 basilisks
  A shadow (D:13)
  2 spriggans
  3 wyverns
  21 yaks
  3 trapdoor spiders (Lab)
  2 hippogriffs
  6 ugly things
  3 wolves (Lair:1)
  2 hill giant skeletons (D:8)
  2 wandering mushrooms (Lab)
  5 hungry ghosts
  A mottled dragon (D:13)
  A warg (D:11)
  A necrophage (D:12)
  4 water moccasins
  2 porcupines (Lair:1)
  4 sky beasts
  2 black bears
  2 phantoms
  6 ogres
  5 orc warriors
  14 centaurs
  9 giant frogs
  2 crocodiles
  Sigmund (D:7)
  2 big kobolds
  2 earth elementals (Lab)
  4 giant slugs
  30 killer bees
  3 scorpions
  15 wights
  An electric eel (D:8)
  2 eyes of draining
  A yak skeleton (D:8)
  3 goliath beetles
  A giant frog zombie (D:8)
  A lava snake (D:8)
  4 hounds
  5 jellies
  A kobold zombie (D:9)
  9 crimson imps
  A giant frog skeleton (D:11)
  4 orc priests
  A two-headed ogre zombie (D:9)
  9 orc wizards
  4 iguanas
  8 worker ants
  A sheep (D:8)
  A crocodile zombie (D:11)
  An ogre zombie (D:7)
  An ogre skeleton (D:11)
  Terence (D:3)
  3 gnolls (D:5)
  12 adders
  16 green rats
  5 shadow imps
  A giant mite (D:2)
  2 worms
  2 adder skeletons
  2 giant eyeballs
  3 giant geckos
  An ooze (D:1)
  29 orcs
  13 bats
  6 giant cockroaches
  24 goblins
  31 hobgoblins
  13 jackals
  4 quokkas
  2 ball pythons
  12 giant newts
  A giant spore (D:11)
  29 kobolds
  25 rats
  4 ballistomycetes (D:11)
  3 plants
502 creatures vanquished.

Vanquished Creatures (others)
  The ghost of mk83 the Cleaver, an experienced DDNe (D:5)
  A giant spore (D:11)
2 creatures vanquished.

Grand Total: 504 creatures vanquished

Notes
Turn   | Place    | Note
--------------------------------------------------------------
     0 | Abyss:1  | Egon, the Demonspawn Abyssal Knight, began the quest for the Orb.
     0 | Abyss:1  | Reached XP level 1. HP: 18/18 MP: 1/1
    12 | D:1      | Escaped the Abyss
   290 | D:1      | Gained mutation: You can steal the life force of nearby defeated enemies. [demonic ancestry]
   290 | D:1      | Reached XP level 2. HP: 21/24 MP: 2/2
   497 | D:1      | Acquired Lugonu's second power
   648 | D:1      | Gained mutation: You have sharp fingernails. [demonic ancestry]
   648 | D:1      | Reached XP level 3. HP: 22/30 MP: 4/4
  2161 | D:2      | Reached skill level 4 in Fighting
  2311 | D:2      | Acquired Lugonu's third power
  2322 | D:2      | Reached XP level 4. HP: 35/37 MP: 7/7
  2403 | D:2      | Found an iron altar of Okawaru.
  2904 | D:3      | Found a white marble altar of Elyvilon.
  2943 | D:3      | Found a glowing golden altar of the Shining One.
  2988 | D:3      | Noticed Terence
  3002 | D:3      | Killed Terence
  3755 | D:4      | Gained mutation: You have very sharp fingernails. [demonic ancestry]
  3755 | D:4      | Reached XP level 5. HP: 43/43 MP: 9/9
  3756 | D:4      | Noticed a giant frog
  3762 | D:4      | Killed a giant frog
  3835 | D:4      | Noticed an ogre
  4104 | D:4      | Killed an ogre
  4104 | D:4      | Reached skill level 5 in Fighting
  4104 | D:4      | Reached skill level 5 in Invocations
  4104 | D:4      | Gained mutation: When hurt, damage is shared between your health and your magic reserves. [demonic ancestry]
  4104 | D:4      | Reached XP level 6. HP: 28/51 MP: 11/11
  4159 | D:4      | Noticed an ogre
  4167 | D:4      | Killed an ogre
  4287 | D:4      | Got a bloodstained sling
  4288 | D:4      | Identified the +10,+1 sling "Smaptaur" {venom, rF++ MR++ SInv} (You found it on level 4 of the Dungeon)
  4339 | D:5      | Entered Level 5 of the Dungeon
  4385 | D:5      | Noticed mk83's ghost (experienced DDNe)
  4720 | D:5      | Reached XP level 7. HP: 47/56 MP: 11/14
  4817 | D:5      | Found a staircase to the Ecumenical Temple.
  4837 | Temple   | Entered the Ecumenical Temple
  5183 | D:5      | Acquired Lugonu's fourth power
  5301 | D:5      | Reached skill level 6 in Invocations
  5407 | D:5      | Banished mk83's ghost
  5976 | D:5      | Reached skill level 7 in Invocations
  6040 | D:5      | Reached skill level 5 in Maces & Flails
  6153 | D:5      | Gained mutation: You are partially covered in icy blue scales (AC +1). [demonic ancestry]
  6153 | D:5      | Reached XP level 8. HP: 63/65 MP: 18/18
  7439 | D:7      | Got a warped robe
  7659 | D:7      | Acquired Lugonu's fifth power
  8044 | D:7      | Got a dazzling dagger
  8187 | D:7      | Reached skill level 8 in Fighting
  8252 | D:7      | Reached XP level 9. HP: 69/74 MP: 17/20
  8304 | D:7      | Noticed Sigmund
  8314 | D:7      | Killed Sigmund
  8546 | Temple   | Identified the cursed +3 robe of Peek-a-Boo {+Inv Str+3} (You found it on level 7 of the Dungeon)
  8814 | D:8      | Paralysed by a giant eyeball for 2 turns
  8965 | D:8      | Found a staircase to the Lair.
  8965 | D:8      | Noticed an elephant
  9221 | D:8      | Killed an elephant
  9264 | D:8      | Reached skill level 9 in Fighting
 10246 | D:8      | Found an ancient bone altar of Kikubaaqudgha.
 10488 | Lair:1   | Entered Level 1 of the Lair of Beasts
 10512 | D:8      | Reached skill level 10 in Fighting
 10557 | Lair:1   | Reached XP level 10. HP: 85/85 MP: 21/21
 10665 | Lair:1   | Noticed soonmide's ghost (experienced SpVM)
 11710 | Lair:1   | Killed soonmide's ghost
 12000 | Lair:1   | Noticed a four-headed hydra
 12015 | Lair:1   | Banished a four-headed hydra
 12072 | Lair:1   | Reached skill level 11 in Fighting
 12463 | D:8      | Reached skill level 10 in Maces & Flails
 13309 | Lair:1   | Gained mutation: You are mostly covered in icy blue scales (AC +3, EV -1). [demonic ancestry]
 13309 | Lair:1   | Reached XP level 11. HP: 95/95 MP: 22/22
 13953 | D:9      | Noticed a hill giant
 13988 | D:9      | Killed a hill giant
 14249 | D:9      | Reached skill level 12 in Fighting
 14656 | D:10     | Entered Level 10 of the Dungeon
 14965 | D:10     | Noticed a hill giant
 15017 | D:10     | Killed a hill giant
 15134 | D:10     | Noticed a hill giant
 15172 | D:10     | Killed a hill giant
 15218 | D:10     | Noticed sohrabkorkchi's ghost (experienced LOFi)
 16136 | D:10     | Reached skill level 13 in Fighting
 16236 | D:10     | Killed sohrabkorkchi's ghost
 16887 | D:11     | Noticed an unseen horror
 16895 | D:11     | Killed an unseen horror
 17268 | D:11     | Found a staircase to the Orcish Mines.
 17453 | D:11     | Gained mutation: You regenerate magic rapidly. [demonic ancestry]
 17453 | D:11     | Reached XP level 12. HP: 39/105 MP: 17/23
 17517 | D:11     | Noticed a hill giant
 17547 | D:11     | Killed a hill giant
 18257 | D:11     | Found a shimmering altar of Xom.
 18718 | D:12     | Noticed Herrn's ghost (powerful GrWn)
 18746 | D:12     | Killed Herrn's ghost
 19324 | D:12     | Reached skill level 14 in Fighting
 19593 | D:12     | Reached skill level 1 in Shields
 20003 | D:13     | Gained mutation: Space occasionally distorts in your vicinity. [a neqoxec]
 20004 | D:13     | Gained mutation: You can translocate small distances at will. [a neqoxec]
 21096 | D:13     | Found a blossoming altar of Fedhas.
 21786 | D:13     | Found a gate to the Vaults.
 21786 | D:13     | Noticed a vault guard
 21786 | D:13     | Noticed a vault guard
 21786 | D:13     | Noticed a vault guard
 21786 | D:13     | Noticed a vault guard
 21958 | D:13     | Killed a vault guard
 22287 | D:12     | Killed a vault guard
 22571 | D:13     | Reached skill level 5 in Shields
 22571 | D:13     | Reached XP level 13. HP: 101/114 MP: 24/24
 22626 | D:13     | Killed a vault guard
 22626 | D:13     | Reached skill level 15 in Fighting
 22879 | Lair:1   | Gained mutation: You are covered in fur (AC +1). [potion of beneficial mutation]
 23069 | Lair:2   | Found a labyrinth entrance.
 23088 | Lab      | Entered a labyrinth
 25416 | Lab      | Escaped the Abyss
 25457 | Lab      | Identified the cursed -1,+8 battleaxe "Xeef" {flame, Stlth--}
 25457 | Lab      | Slain by a minotaur

Action                   |  1- 3 |  4- 6 |  7- 9 | 10-12 | 13-15 || total
-------------------------+-------+-------+-------+-------+-------++-------
Melee: Mace              |   203 |    29 |       |       |       ||   232
       Flail             |       |    63 |   228 |   842 |   170 ||  1303
 Fire: Sling             |       |       |   240 |   337 |    38 ||   615
Throw: Stone             |       |       |     6 |       |       ||     6
Invok: Banish            |       |       |     3 |     1 |       ||     4
       Bend Space        |       |       |       |     1 |       ||     1
       Enter the Abyss   |       |       |       |       |     1 ||     1
 Abil: Blink             |       |       |       |     1 |       ||     1
Evoke: Wand              |       |       |     1 |    12 |       ||    13
  Use: Potion            |       |     3 |       |       |     1 ||     4
       Scroll            |       |     2 |    13 |    12 |     4 ||    31
